 Dungeon Crawl Stone Soup version 0.21.1-1-g345015f (webtiles) character file.

255 wilfster70 the Sneak (level 6, -11/44 HPs)
             Began as a Gnoll Enchanter on Mar 1, 2018.
             Killed by divine providence
             ... invoked by an orc priest
              (13 damage)
             ... on level 3 of the Dungeon.
             The game lasted 00:08:08 (2511 turns).

wilfster70 the Sneak (Gnoll Enchanter)              Turns: 2511, Time: 00:08:09

Health: -11/44     AC:  4    Str: 10    XL:     6   Next: 15%
Magic:  13/13      EV: 15    Int: 20    God:
Gold:   130        SH:  0    Dex: 15    Spells: 9/15 levels left

rFire    . . .     SeeInvis .   a - +1 dagger (elec)
rCold    . . .     Gourm    .   (no shield)
rNeg     . . .     Faith    .   b - +0 robe
rPois    .         Spirit   .   i - +2 hat
rElec    .         Reflect  .   (no cloak)
rCorr    +         Harm     .   (no gloves)
MR       .....                  (no boots)
Stlth    +++.......             (no amulet)
HPRegen  0.14/turn              f - ring of resist corrosion
MPRegen  0.13/turn              (no ring)

@: no status effects
A: distributed training, fangs 1, strong nose
a: no special abilities


You were on level 3 of the Dungeon.
You were not hungry.

You visited 1 branch of the dungeon, and saw 3 of its levels.

You collected 130 gold pieces.

Inventory:

Hand Weapons
 a - a +1 dagger of electrocution (weapon)
Missiles
 e - 34 stones
 l - 2 tomahawks
 q - 4 javelins (quivered)
 r - 4 tomahawks of returning
Armour
 b - a +0 robe (worn)
 i - a +2 hat (worn)
Jewellery
 f - a ring of resist corrosion (left hand)
Scrolls
 g - 5 scrolls of identify {unknown}
 j - a scroll of amnesia {unknown}
 m - 2 scrolls of noise {unknown}
 n - 3 scrolls of magic mapping {unknown}
 p - a scroll of fear {unknown}
 s - a scroll of immolation {unknown}
Potions
 h - a potion of invisibility {unknown}
 k - a potion of ambrosia {unknown}
 o - a potion of berserk rage {unknown}
Books
 c - a book of Maledictions

   Spells                             Type                      Level
   a - Corona                         Hexes                        1
   b - Ensorcelled Hibernation        Hexes/Ice                    2
   c - Confuse                        Hexes                        3
   d - Tukima's Dance                 Hexes                        3
   e - Dazzling Spray                 Conjuration/Hexes            3
Comestibles
 d - 5 rations
 t - 3 chunks of flesh


   Skills:
 + Level 1.8 Fighting
 + Level 3.1 Short Blades
 + Level 1.8 Long Blades
 + Level 1.8 Axes
 + Level 1.8 Maces & Flails
 + Level 1.8 Polearms
 + Level 1.8 Staves
 + Level 1.8 Slings
 + Level 1.8 Bows
 + Level 1.8 Crossbows
 + Level 1.8 Throwing
 + Level 1.8 Armour
 + Level 4.9 Dodging
 + Level 6.2 Stealth
 + Level 1.8 Shields
 + Level 1.8 Unarmed Combat
 + Level 5.3 Spellcasting
 + Level 1.4 Conjurations
 + Level 5.6 Hexes
 + Level 1.4 Charms
 + Level 1.4 Summonings
 + Level 1.4 Necromancy
 + Level 1.4 Translocations
 + Level 1.4 Transmutations
 + Level 1.4 Fire Magic
 + Level 1.4 Ice Magic
 + Level 1.4 Air Magic
 + Level 1.4 Earth Magic
 + Level 1.4 Poison Magic
 + Level 2.0 Invocations
 + Level 1.8 Evocations


You had 9 spell levels left.
You knew the following spells:

 Your Spells              Type           Power        Failure   Level  Hunger
a - Corona                Hex            ####...      1%          1    None
b - Ensorcelled Hibernat  Hex/Ice        ###...       4%          2    None
c - Confuse               Hex            ####....     3%          3    ##.....


Dungeon Overview and Level Annotations

Branches:
Dungeon (3/15)

Altars:
Ashenzari
Cheibriados
Elyvilon
Nemelex Xobeh
Trog
Xom
Yredelemnul


Innate Abilities, Weirdness & Mutations

Your experience applies equally to all skills.
You have very sharp teeth.
Your uncanny sense of smell can sniff out nearby items.


Message History

An orc and 2 orc priests come into view.
The orc priest shouts!
The orc shouts!
You hear a shout!
The orc priest hits you but does no damage.
An orc comes into view.
The orc shouts!
The orc priest barely misses you.
An orc comes into view.
The orc priest mumbles some strange prayers to Beogh against you.
Beogh smites you!
The orc priest hits you from afar with a trident!
The orc priest hits you from afar with a trident.
Items here: )))) [[ You see here 23 bolts.
The orc priest invokes the aid of Beogh against you.
Beogh smites you!
* * * LOW HITPOINT WARNING * * *
Okay, then.
The orc priest mumbles some strange prayers to Beogh against you.
Beogh smites you!
You die...

......# #. ......# #.
######### ####..# #### #.
#.o.ooo.# ....... ..# #.#
#.#####.# ####..#.# #.# #.#
#.#
####..#.###.#####.#####o#
......#.#........#.o(o..#
####..#.#.#.#...#.#####.##
#............@..# #..#
#..#.#.#.#....#.#####.#
####...##.#..#.#...#.....#
..........##.#.#####.....###
...#.#.#####.#.# #.)##...#
##. <..#.#.# #.#.#
###..#....###... .....#.#
#.#.# #......_......#
..)###.#
#.#.....###....#..###
.......# #### #...##..#


You could see an orc priest.

Vanquished Creatures
  The ghost of Ratty the Grave Robber, an amateur DENe (D:3)
  9 adders
  An ooze (D:2)
  A worm (D:2)
  5 dart slugs
  4 orcs (D:3)
  4 giant cockroaches
  7 goblins
  4 hobgoblins
  A ball python (D:3)
  4 bats
  7 kobolds
  5 rats
53 creatures vanquished.

Notes
Turn   | Place    | Note
-------+----------+-------------------------------------------
     0 | D:1      | wilfster70 the Gnoll Enchanter began the quest for the Orb.
     0 | D:1      | Reached XP level 1. HP: 13/13 MP: 6/6
   389 | D:1      | Reached XP level 2. HP: 19/19 MP: 7/7
   403 | D:1      | Learned a level 2 spell: Ensorcelled Hibernation
   896 | D:1      | Reached XP level 3. HP: 25/25 MP: 9/9
   938 | D:1      | Learned a level 3 spell: Confuse
  1062 | D:1      | Reached skill level 5 in Spellcasting
  1247 | D:2      | Reached skill level 6 in Stealth
  1257 | D:2      | Reached skill level 1 in Invocations
  1339 | D:2      | Reached skill level 1 in Fighting
  1339 | D:2      | Reached skill level 1 in Long Blades
  1339 | D:2      | Reached skill level 1 in Axes
  1339 | D:2      | Reached skill level 1 in Maces & Flails
  1339 | D:2      | Reached skill level 1 in Polearms
  1339 | D:2      | Reached skill level 1 in Staves
  1339 | D:2      | Reached skill level 1 in Slings
  1339 | D:2      | Reached skill level 1 in Bows
  1339 | D:2      | Reached skill level 1 in Crossbows
  1339 | D:2      | Reached skill level 1 in Throwing
  1339 | D:2      | Reached skill level 1 in Armour
  1339 | D:2      | Reached skill level 1 in Shields
  1339 | D:2      | Reached skill level 1 in Unarmed Combat
  1339 | D:2      | Reached skill level 1 in Evocations
  1405 | D:2      | Reached XP level 4. HP: 32/32 MP: 11/11
  1422 | D:2      | Found a sparkling altar of Nemelex Xobeh.
  1571 | D:2      | Found a snail-covered altar of Cheibriados.
  1572 | D:2      | Found a shattered altar of Ashenzari.
  1573 | D:2      | Found a white marble altar of Elyvilon.
  1573 | D:2      | Found a bloodstained altar of Trog.
  1574 | D:2      | Found a basalt altar of Yredelemnul.
  1995 | D:2      | Reached skill level 1 in Conjurations
  1995 | D:2      | Reached skill level 1 in Charms
  1995 | D:2      | Reached skill level 1 in Summonings
  1995 | D:2      | Reached skill level 1 in Necromancy
  1995 | D:2      | Reached skill level 1 in Translocations
  1995 | D:2      | Reached skill level 1 in Transmutations
  1995 | D:2      | Reached skill level 1 in Fire Magic
  1995 | D:2      | Reached skill level 1 in Ice Magic
  1995 | D:2      | Reached skill level 1 in Air Magic
  1995 | D:2      | Reached skill level 1 in Earth Magic
  1995 | D:2      | Reached skill level 1 in Poison Magic
  2185 | D:3      | Noticed Ratty's ghost (amateur DENe)
  2194 | D:3      | Killed Ratty's ghost
  2194 | D:3      | Reached XP level 5. HP: 38/38 MP: 9/12
  2272 | D:3      | Found a shimmering altar of Xom.
  2282 | D:3      | Reached XP level 6. HP: 38/44 MP: 8/13
  2509 | D:3      | HP: 2/44 [orc priest/divine providence (13)]
  2511 | D:3      | Killed from afar by an orc priest

Skill      XL: |  1  2  3  4  5  6 |
---------------+-------------------+-----
Spellcasting   | 5 |  5.3
Stealth        | 6 |  6.2
Invocations    | 1 2 |  2.0
Fighting       | 1 |  1.8
Long Blades    | 1 |  1.8
Axes           | 1 |  1.8
Maces & Flails | 1 |  1.8
Polearms       | 1 |  1.8
Staves         | 1 |  1.8
Slings         | 1 |  1.8
Bows           | 1 |  1.8
Crossbows      | 1 |  1.8
Throwing       | 1 |  1.8
Armour         | 1 |  1.8
Shields        | 1 |  1.8
Unarmed Combat | 1 |  1.8
Evocations     | 1 |  1.8
Conjurations   | 1 |  1.4
Charms         | 1 |  1.4
Summonings     | 1 |  1.4
Necromancy     | 1 |  1.4
Translocations | 1 |  1.4
Transmutations | 1 |  1.4
Fire Magic     | 1 |  1.4
Ice Magic      | 1 |  1.4
Air Magic      | 1 |  1.4
Earth Magic    | 1 |  1.4
Poison Magic   | 1 |  1.4
Short Blades   | 3 |  3.1
Dodging        | |  4.9
Hexes          | |  5.6

Action                   |  1- 3 |  4- 6 || total
-------------------------+-------+-------++-------
Melee: Dagger            |    69 |    64 ||   133
       Bite              |     3 |     5 ||     8
 Cast: Ensorcelled Hiber |     4 |    15 ||    19
       Confuse           |       |     1 ||     1
 Stab: Sleeping          |    11 |    11 ||    22
       Confused          |       |     2 ||     2
  Eat: Chunk             |     2 |     3 ||     5
Armor: Robe              |    12 |    18 ||    30
Dodge: Dodged            |    65 |    42 ||   107
